 Dungeon Crawl Stone Soup version 0.29.1-12-g30fa7ad0bf (webtiles) character file.

Game seed: 10358131737945176859

48 Ihaveafatcat the Trooper (level 3, -3/33 HPs)
             Began as a Hill Orc Fighter on Jan 12, 2023.
             Slain by Sigmund
             ... wielding a +0 scythe
              (10 damage)
             ... on level 2 of the Dungeon.
             The game lasted 00:01:29 (1666 turns).

Ihaveafatcat the Trooper (Hill Orc Fighter)         Turns: 1666, Time: 00:01:30

Health: -3/33      AC: 10    Str: 20    XL:     3   Next: 72%
Magic:  3/3        EV:  7    Int:  8    God:
Gold:   48         SH:  0    Dex: 16    Spells: 2/2 levels left

rFire   . . .      SeeInvis .   a - +0 war axe
rCold   . . .      Faith    .   c - +0 buckler
rNeg    . . .      Spirit   .   q - +0 chain mail
rPois   .          Reflect  .   (no helmet)
rElec   .          Harm     .   (no cloak)
rCorr   .          Rampage  .   h - +0 pair of gloves
Will    .....                   (no boots)
Stlth   ..........              (no amulet)
HPRegen 0.11/turn               f - +6 ring of dexterity
MPRegen 0.08/turn               (no ring)

@: confused, mighty
A: no striking features
a: no special abilities


You were on level 2 of the Dungeon.
You visited 1 branch of the dungeon, and saw 2 of its levels.

You collected 48 gold pieces.

Inventory:

Hand Weapons
 a - a +0 war axe (weapon)
Armour
 c - a +0 buckler (worn)
 h - a +0 pair of gloves (worn)
 q - a +0 chain mail (worn)
Jewellery
 f - a +6 ring of dexterity (left hand)
Scrolls
 e - a scroll of fear {unknown}
 i - a scroll of acquirement {unknown}
 j - a scroll of brand weapon {unknown}
 l - 2 scrolls of identify {unknown}
 n - a scroll of vulnerability {unknown}
Potions
 b - a potion of heal wounds {unknown}
 g - 2 potions of curing {unknown}
 k - a potion of attraction {unknown}
 m - 2 potions of flight {unknown}
 o - a potion of ambrosia {unknown}
 p - a potion of degeneration {unknown}


   Skills:
 + Level 4.0 Fighting
 + Level 3.2 Axes
 + Level 0.9 Throwing
 + Level 3.6 Armour
 + Level 3.6 Shields
 + Level 1.2 Evocations


You had 2 spell levels left.
You didn't know any spells.
Your spell library contained the following spells:

 Spells                   Type           Power      Damage    Failure   Level
 Apportation              Tloc           0%         N/A       99%         1
 Necrotise                Necr           0%         1d4       99%         1
 Summon Small Mammal      Summ           0%         N/A       99%         1


Dungeon Overview and Level Annotations

Branches:
Dungeon (2/15)

Altars:

Annotations:
D:2 Sigmund


Message History

The ball python barely misses you.
You closely miss the bat. You hit the ball python.
You kill the ball python!
The bat hits you but does no damage.
Sigmund points at you and mumbles some strange words.
You are confused.
Sigmund looks at you with fury.
Sigmund mumbles some strange words.
Sigmund flickers and vanishes!
Deactivating autopickup; reactivate with Ctrl-A.
You bump into the rock wall.
The bat hits you but does no damage. The ball python closely misses you.
The ball python grabs you. The ball python constricts you.
Something hits you but does no damage.
You escape the ball python's grasp.
The bat hits you but does no damage. x2
The ball python barely misses you. The ball python grabs you.
The ball python constricts you.
You hit the ball python.
You kill the ball python!
The bat hits you but does no damage. Something hits you but does no damage.
The bat hits you but does no damage. The bat hits you but does no damage.
Something hits you.
You hit the bat.
You kill the bat!
You miss something. Something hits you.
You feel less confused. Something hits you. Something hits you.
You see here a ball python corpse.
You hit something. Something hits you!
You closely miss something.
You hear some strange, mumbled words.
You are confused.
You closely miss something.
You hear some strange, mumbled words.
A magic dart appears from out of thin air!
The magic dart hits you.
* * * LOW HITPOINT WARNING * * *
You feel very mighty all of a sudden. Something hits you!
You die...

#...!...# # #.......# #
#.......# # #.......# #
#.......# #.......#
#.......################
#.......'...............
#.....{@################
#.......# #......)#
#.......# #.......# ##
####+#### #. #) #. #.


There were no monsters in sight!

Vanquished Creatures
  2 adders (D:2)
  A worm (D:2)
  2 dart slugs (D:2)
  An orc (D:2)
  3 bats (D:2)
  An endoplasm (D:2)
  A hobgoblin (D:2)
  2 quokkas (D:1)
  6 ball pythons
  2 goblins
  2 kobolds
  3 rats
26 creatures vanquished.

Notes
Turn   | Place    | Note
-------+----------+-------------------------------------------
     0 | D:1      | Ihaveafatcat the Hill Orc Fighter began the quest for the
                  | Orb.
     0 | D:1      | Reached XP level 1. HP: 19/19 MP: 1/1
   147 | D:1      | Found a faded altar of an unknown god.
   785 | D:2      | Reached XP level 2. HP: 27/27 MP: 2/2
  1089 | D:2      | Reached skill level 1 in Evocations
  1097 | D:2      | Reached XP level 3. HP: 18/33 MP: 3/3
  1451 | D:2      | Reached skill level 4 in Fighting
  1649 | D:2      | Noticed Sigmund
  1666 | D:2      | Slain by Sigmund

Illustrated notes

Levels and vault maps discovered:
D:1:      mrwooster_arrival_statue, layout_basic,
          ebering_ecumenical_altar_petrified, chequers_mini_garden
D:2:      layout_basic, uniq_sigmund

Skill      XL: |  1  2  3 |
---------------+----------+-----
Evocations     | 1 |  1.2
Axes           | 3 |  3.2
Fighting       | 4 |  4.0
Throwing       | |  0.9
Armour         | |  3.6
Shields        | |  3.6

Action                   || total
-------------------------++-------
Melee: War axe           ||    60
  Use: Potion            ||     1
Armor: Scale mail        ||    26
       Chain mail        ||    13
Dodge: Dodged            ||    38
Block: Buckler           ||    15
